[ AOE2 MATCH · #468394792 ]
Team RMBritons vs Celts
[ REPLAY ANALYSIS · EXTRACTED FROM THE RECORDED GAME ]
Feudal
10:27
Castle
19:23
Imperial
33:15
| APM avg | 8.2 |
| APM peak | 40 |
| eAPM avg | 5.9 |
| Villagers / military | 54 / 170 |
Focus
⚔️ 26.2% · 🌾 73.8%
Longbowman ×167 · Trade Cart ×13 · Trebuchet (Packed) ×3
Feudal
12:25
Castle
16:39
Imperial
38:14
| APM avg | 17.0 |
| APM peak | 41 |
| eAPM avg | 12.9 |
| Villagers / military | 121 / 289 |
Focus
⚔️ 29.2% · 🌾 70.8%
Archer ×75 · Camel Scout ×49 · Scout Cavalry ×48 · Spearman ×40 · Knight ×35 · War Elephant ×24
Feudal
13:11
Castle
21:29
Imperial
28:44
| APM avg | 14.0 |
| APM peak | 42 |
| eAPM avg | 10.7 |
| Villagers / military | 168 / 176 |
Focus
⚔️ 24.6% · 🌾 75.4%
Tarkan ×175 · Trade Cart ×14 · Mangonel ×1
Feudal
11:04
Castle
14:36
Imperial
—
| APM avg | 9.7 |
| APM peak | 68 |
| eAPM avg | 5.0 |
| Villagers / military | 41 / 10 |
Focus
⚔️ 16.1% · 🌾 83.9%
Woad Raider ×8 · Petard ×2
Feudal
16:51
Castle
19:32
Imperial
36:20
| APM avg | 15.6 |
| APM peak | 44 |
| eAPM avg | 14.0 |
| Villagers / military | 130 / 180 |
Focus
⚔️ 35.3% · 🌾 64.7%
Ballista Elephant ×133 · Knight ×25 · Trade Cart ×17 · Battle Elephant ×11 · Battering Ram ×7 · Petard ×4
Feudal
12:08
Castle
20:39
Imperial
37:33
| APM avg | 12.5 |
| APM peak | 44 |
| eAPM avg | 9.2 |
| Villagers / military | 121 / 347 |
Focus
⚔️ 30.5% · 🌾 69.5%
Camel Scout ×205 · Scout Cavalry ×75 · Mameluke ×62 · Trade Cart ×20 · Trebuchet (Packed) ×5
Feudal
10:12
Castle
18:02
Imperial
34:21
| APM avg | 14.6 |
| APM peak | 35 |
| eAPM avg | 12.2 |
| Villagers / military | 156 / 480 |
Focus
⚔️ 36.0% · 🌾 64.0%
Spearman ×354 · Cavalry Archer ×121 · Trade Cart ×25 · Trebuchet (Packed) ×4 · Mangudai ×1
Feudal
10:59
Castle
22:13
Imperial
33:02
| APM avg | 22.1 |
| APM peak | 62 |
| eAPM avg | 12.9 |
| Villagers / military | 120 / 71 |
Focus
⚔️ 24.9% · 🌾 75.1%
Militia ×48 · Unknown (1949) ×41 · Battering Ram ×15 · Monk ×4 · Scorpion ×4 · Trade Cart ×2
Match map
Resources at game start + every placement click. Thick line = wall · dashed box = detected house wall. 🟡 gold · ⚪ stone · 🟢 berries · 🔶 boar · ⭕ relic
Inputs per minute
— na.mehdi1995 - - Sphere Of Light
Build order — na.mehdi1995
First 150 of 205 actions detected
| 0:03 | Create | Villager (Male) ×4 |
| 0:11 | Build | House |
| 0:30 | Build | House |
| 0:31 | Build | House |
| 0:32 | Build | House |
| 1:25 | Create | Villager (Male) |
| 2:06 | Create | Villager (Male) |
| 2:06 | Create | Villager (Male) |
| 2:23 | Build | House |
| 2:34 | Create | Villager (Male) |
| 2:35 | Create | Villager (Male) |
| 3:20 | Create | Villager (Male) |
| 3:21 | Create | Villager (Male) |
| 3:21 | Create | Villager (Male) |
| 3:58 | Create | Villager (Male) |
| 3:58 | Create | Villager (Male) |
| 4:27 | Create | Villager (Male) |
| 4:27 | Create | Villager (Male) |
| 5:36 | Build | Mill |
| 5:48 | Create | Villager (Male) |
| 6:19 | Create | Villager (Male) |
| 6:40 | Create | Villager (Male) |
| 6:45 | Create | Villager (Male) |
| 7:14 | Build | Lumber Camp |
| 7:23 | Create | Villager (Male) |
| 8:17 | Research | Feudal Age |
| 10:27 | Age | Feudal Age |
| 10:32 | Create | Villager (Male) |
| 10:32 | Create | Villager (Male) |
| 10:33 | Create | Villager (Male) |
| 11:07 | Build | Mining Camp |
| 11:34 | Create | Villager (Male) |
| 11:34 | Create | Villager (Male) |
| 12:22 | Build | Mining Camp |
| 12:26 | Create | Villager (Male) |
| 12:49 | Create | Villager (Male) |
| 12:50 | Create | Villager (Male) |
| 13:07 | Build | House |
| 13:15 | Build | House |
| 13:16 | Build | House |
| 13:17 | Build | House |
| 13:21 | Build | House |
| 13:44 | Create | Villager (Male) |
| 14:31 | Create | Villager (Male) |
| 14:43 | Build | Blacksmith |
| 15:18 | Build | Market |
| 15:23 | Create | Villager (Male) |
| 15:51 | Create | Villager (Male) |
| 16:23 | Build | Farm |
| 16:43 | Research | Castle Age |
| 17:19 | Build | Farm |
| 19:02 | Build | Farm |
| 19:15 | Build | Farm |
| 19:21 | Build | Farm |
| 19:23 | Age | Castle Age |
| 19:30 | Build | Farm |
| 19:33 | Build | Farm |
| 19:35 | Build | Farm |
| 19:37 | Build | Farm |
| 19:39 | Build | Farm |
| 19:45 | Create | Villager (Male) |
| 19:45 | Create | Villager (Male) |
| 20:32 | Build | Castle |
| 21:32 | Build | Castle |
| 21:40 | Build | Mining Camp |
| 21:43 | Create | Villager (Male) ×5 |
| 21:47 | Research | Horse Collar |
| 21:58 | Research | Gold Mining |
| 22:05 | Build | Farm |
| 22:09 | Build | Farm |
| 22:12 | Build | Farm |
| 22:38 | Build | Farm |
| 22:52 | Build | Town Center |
| 23:09 | Research | Heavy Plow |
| 23:15 | Research | Double-Bit Axe |
| 23:21 | Create | Villager (Male) |
| 23:21 | Create | Villager (Male) |
| 23:33 | Research | Stone Mining |
| 23:53 | Build | Farm |
| 24:10 | Create | Villager (Male) |
| 24:13 | Create | Villager (Male) |
| 24:14 | Create | Villager (Male) |
| 24:17 | Build | Farm |
| 24:39 | Create | Villager (Male) |
| 24:43 | Build | Farm |
| 24:49 | Build | Farm |
| 24:59 | Create | Villager (Male) |
| 25:00 | Create | Villager (Male) |
| 25:03 | Create | Villager (Male) |
| 25:20 | Research | Bow Saw |
| 25:42 | Build | Lumber Camp |
| 25:55 | Create | Villager (Male) |
| 26:01 | Build | House |
| 26:02 | Build | House |
| 26:03 | Build | House |
| 26:05 | Build | House |
| 26:06 | Build | House |
| 26:11 | Build | House |
| 26:12 | Build | House |
| 26:13 | Build | House |
| 26:14 | Build | House |
| 26:16 | Build | House |
| 26:19 | Build | House |
| 26:20 | Build | House |
| 26:22 | Build | House |
| 26:23 | Build | House |
| 26:24 | Build | House |
| 26:41 | Build | Mining Camp |
| 26:53 | Research | Wheelbarrow |
| 27:06 | Create | Longbowman ×5 |
| 27:49 | Create | Villager (Male) |
| 27:59 | Research | Caravan |
| 28:02 | Create | Trade Cart |
| 28:17 | Create | Villager (Male) |
| 29:04 | Build | Castle |
| 29:10 | Build | Mining Camp |
| 29:30 | Create | Longbowman ×5 |
| 30:05 | Research | Imperial Age |
| 30:13 | Research | Scale Mail Armor |
| 30:16 | Research | Padded Archer Armor |
| 30:24 | Create | Trade Cart |
| 30:41 | Create | Longbowman |
| 30:50 | Create | Trade Cart |
| 31:03 | Research | Gold Shaft Mining |
| 31:12 | Create | Trade Cart |
| 31:12 | Create | Trade Cart |
| 31:28 | Create | Longbowman |
| 31:28 | Create | Longbowman |
| 31:37 | Research | Hand Cart |
| 31:48 | Research | Fletching |
| 32:28 | Research | Town Watch |
| 32:41 | Create | Trade Cart |
| 32:41 | Create | Trade Cart |
| 32:49 | Research | Chain Mail Armor |
| 33:01 | Research | Leather Archer Armor |
| 33:11 | Create | Longbowman |
| 33:12 | Create | Longbowman |
| 33:15 | Age | Imperial Age |
| 33:28 | Create | Villager (Male) |
| 33:31 | Create | Villager (Male) |
| 33:40 | Build | Lumber Camp |
| 33:49 | Build | Lumber Camp |
| 33:55 | Build | House |
| 33:57 | Build | House |
| 33:58 | Build | House |
| 33:59 | Build | House |
| 34:00 | Build | House |
| 34:01 | Build | House |
| 34:01 | Build | House |
| 34:09 | Build | University |
Build order — Sphere Of Light
First 150 of 417 actions detected
| 0:01 | Create | Villager (Male) |
| 0:02 | Create | Villager (Male) |
| 0:02 | Create | Villager (Male) |
| 0:02 | Create | Villager (Male) |
| 0:02 | Create | Villager (Male) |
| 0:03 | Create | Villager (Male) |
| 0:05 | Build | House |
| 0:06 | Build | House |
| 1:36 | Create | Villager (Male) |
| 2:03 | Create | Villager (Male) |
| 2:03 | Create | Villager (Male) |
| 2:38 | Build | Lumber Camp |
| 2:40 | Create | Villager (Male) |
| 2:40 | Create | Villager (Male) |
| 2:40 | Create | Villager (Male) |
| 2:53 | Build | House |
| 2:55 | Build | House |
| 3:00 | Create | Villager (Male) |
| 3:01 | Create | Villager (Male) |
| 3:32 | Create | Villager (Male) |
| 3:32 | Create | Villager (Male) |
| 3:53 | Build | House |
| 3:55 | Build | House |
| 4:36 | Create | Villager (Male) |
| 4:36 | Create | Villager (Male) |
| 5:33 | Build | Mill |
| 5:34 | Create | Villager (Male) |
| 5:35 | Create | Villager (Male) |
| 5:35 | Create | Villager (Male) |
| 6:36 | Create | Villager (Male) |
| 6:37 | Create | Villager (Male) |
| 7:19 | Create | Villager (Male) |
| 7:40 | Build | Mining Camp |
| 7:48 | Create | Villager (Male) |
| 7:48 | Create | Villager (Male) |
| 8:33 | Build | Mill |
| 8:52 | Research | Loom |
| 8:52 | Research | Loom |
| 9:16 | Build | Mill |
| 9:34 | Create | Villager (Male) |
| 9:34 | Create | Villager (Male) |
| 10:02 | Research | Feudal Age |
| 11:08 | Build | Barracks |
| 11:17 | Create | Villager (Male) |
| 11:17 | Create | Villager (Male) |
| 11:38 | Build | Farm |
| 11:40 | Build | Farm |
| 12:25 | Age | Feudal Age |
| 12:29 | Build | Archery Range |
| 12:40 | Build | Market |
| 12:48 | Build | Blacksmith |
| 13:28 | Create | Villager (Male) |
| 13:28 | Create | Villager (Male) |
| 13:55 | Research | Castle Age |
| 14:08 | Research | Horse Collar |
| 14:10 | Research | Double-Bit Axe |
| 14:17 | Build | Mining Camp |
| 14:39 | Build | Farm |
| 14:40 | Build | Farm |
| 14:41 | Build | Farm |
| 14:42 | Build | Farm |
| 14:43 | Build | Farm |
| 15:00 | Build | Farm |
| 15:14 | Build | Farm |
| 15:40 | Build | Farm |
| 16:39 | Age | Castle Age |
| 17:25 | Create | Villager (Male) |
| 17:25 | Create | Villager (Male) |
| 17:35 | Build | Town Center |
| 17:46 | Build | Town Center |
| 17:58 | Research | Bow Saw |
| 18:14 | Research | Scale Barding Armor |
| 18:19 | Build | House |
| 18:22 | Build | House |
| 18:28 | Create | Villager (Male) |
| 18:53 | Build | Farm |
| 19:10 | Build | Farm |
| 19:13 | Create | Villager (Male) |
| 19:13 | Create | Villager (Male) |
| 19:55 | Create | Villager (Male) |
| 19:55 | Create | Villager (Male) |
| 19:58 | Create | Villager (Male) |
| 19:59 | Create | Villager (Male) |
| 20:30 | Build | Stable |
| 21:40 | Create | Villager (Male) |
| 21:40 | Create | Villager (Male) |
| 21:44 | Research | Wheelbarrow |
| 21:52 | Create | Villager (Male) |
| 21:55 | Build | Farm |
| 21:57 | Build | Farm |
| 22:06 | Build | Farm |
| 22:09 | Build | Farm |
| 22:15 | Build | Farm |
| 22:16 | Build | Farm |
| 22:27 | Build | Farm |
| 22:29 | Build | Farm |
| 22:30 | Build | Farm |
| 22:31 | Build | Farm |
| 22:32 | Build | Farm |
| 22:37 | Build | House |
| 22:39 | Build | House |
| 22:42 | Create | Villager (Male) |
| 22:42 | Create | Villager (Male) |
| 22:42 | Create | Villager (Male) |
| 22:43 | Create | Villager (Male) |
| 22:50 | Build | Mining Camp |
| 23:04 | Create | Knight |
| 23:14 | Create | Villager (Male) |
| 23:15 | Create | Villager (Male) |
| 23:15 | Create | Villager (Male) |
| 23:15 | Create | Villager (Male) |
| 23:29 | Build | Monastery |
| 23:43 | Build | Farm |
| 23:44 | Build | Farm |
| 23:56 | Create | Villager (Male) |
| 23:56 | Create | Villager (Male) |
| 23:56 | Create | Villager (Male) |
| 23:58 | Create | Villager (Male) |
| 23:58 | Create | Villager (Male) |
| 24:01 | Research | Forging |
| 24:12 | Build | House |
| 24:13 | Build | House |
| 24:14 | Build | House |
| 24:18 | Create | Monk |
| 24:19 | Create | Monk |
| 24:19 | Create | Monk |
| 24:23 | Create | Villager (Male) |
| 24:23 | Create | Villager (Male) |
| 24:23 | Create | Villager (Male) |
| 24:30 | Research | Bloodlines |
| 24:58 | Create | Villager (Male) |
| 24:59 | Create | Villager (Male) |
| 24:59 | Create | Villager (Male) |
| 24:59 | Create | Villager (Male) |
| 25:27 | Create | Knight |
| 25:27 | Create | Knight |
| 25:43 | Build | Castle |
| 26:11 | Research | Chain Barding Armor |
| 26:13 | Create | Villager (Male) |
| 26:13 | Create | Villager (Male) |
| 26:13 | Create | Villager (Male) |
| 26:14 | Create | Villager (Male) |
| 26:44 | Create | Villager (Male) |
| 26:44 | Create | Villager (Male) |
| 26:45 | Create | Villager (Male) |
| 26:45 | Create | Villager (Male) |
| 27:01 | Create | Monk |
| 27:01 | Create | Monk |
| 27:03 | Build | Farm |
| 27:14 | Create | Villager (Male) |
Build order — Kremlin
First 150 of 374 actions detected
| 0:28 | Create | Villager (Male) |
| 0:28 | Create | Villager (Male) |
| 0:28 | Create | Villager (Male) |
| 0:29 | Create | Villager (Male) |
| 0:29 | Create | Villager (Male) |
| 0:30 | Create | Villager (Male) |
| 0:30 | Research | Loom |
| 2:24 | Create | Villager (Male) |
| 2:24 | Create | Villager (Male) |
| 3:11 | Create | Villager (Male) |
| 3:11 | Create | Villager (Male) |
| 3:11 | Create | Villager (Male) |
| 3:34 | Create | Villager (Male) |
| 3:35 | Create | Villager (Male) |
| 3:57 | Build | Mining Camp |
| 4:31 | Create | Villager (Male) |
| 4:32 | Create | Villager (Male) |
| 5:07 | Create | Villager (Male) |
| 5:10 | Create | Villager (Male) |
| 5:27 | Build | Mill |
| 5:45 | Create | Villager (Male) |
| 6:28 | Create | Villager (Male) |
| 6:47 | Build | Mill |
| 7:16 | Create | Villager (Male) |
| 7:17 | Create | Villager (Male) |
| 7:18 | Create | Villager (Male) |
| 7:18 | Create | Villager (Male) |
| 7:18 | Create | Villager (Male) |
| 7:18 | Create | Villager (Male) |
| 7:18 | Create | Villager (Male) |
| 7:18 | Create | Villager (Male) |
| 7:18 | Create | Villager (Male) |
| 7:19 | Create | Villager (Male) |
| 7:19 | Create | Villager (Male) |
| 7:54 | Create | Villager (Male) |
| 7:54 | Create | Villager (Male) |
| 7:54 | Create | Villager (Male) |
| 8:12 | Build | Lumber Camp |
| 8:19 | Create | Villager (Male) |
| 8:19 | Create | Villager (Male) |
| 8:19 | Create | Villager (Male) |
| 10:34 | Create | Villager (Male) |
| 10:34 | Create | Villager (Male) |
| 10:34 | Create | Villager (Male) |
| 10:34 | Create | Villager (Male) |
| 10:35 | Create | Villager (Male) |
| 10:35 | Create | Villager (Male) |
| 10:35 | Create | Villager (Male) |
| 10:35 | Create | Villager (Male) |
| 10:48 | Research | Feudal Age |
| 13:03 | Build | Farm |
| 13:03 | Build | Farm |
| 13:04 | Build | Farm |
| 13:04 | Build | Farm |
| 13:05 | Build | Farm |
| 13:05 | Build | Farm |
| 13:05 | Build | Farm |
| 13:05 | Build | Farm |
| 13:06 | Build | Farm |
| 13:06 | Build | Farm |
| 13:11 | Age | Feudal Age |
| 13:31 | Research | Horse Collar |
| 13:40 | Create | Villager (Male) |
| 13:40 | Create | Villager (Male) |
| 13:40 | Create | Villager (Male) |
| 13:40 | Create | Villager (Male) |
| 13:41 | Create | Villager (Male) |
| 13:41 | Create | Villager (Male) |
| 13:41 | Create | Villager (Male) |
| 13:41 | Create | Villager (Male) |
| 13:42 | Create | Villager (Male) |
| 13:59 | Build | Market |
| 14:15 | Build | Blacksmith |
| 15:11 | Research | Double-Bit Axe |
| 15:18 | Research | Stone Mining |
| 15:27 | Research | Gold Mining |
| 15:41 | Build | Farm |
| 15:43 | Build | Farm |
| 15:44 | Build | Farm |
| 16:05 | Build | Farm |
| 16:10 | Build | Farm |
| 16:27 | Build | Mining Camp |
| 17:01 | Create | Villager (Male) |
| 17:01 | Create | Villager (Male) |
| 17:01 | Create | Villager (Male) |
| 17:02 | Create | Villager (Male) |
| 17:02 | Create | Villager (Male) |
| 17:02 | Create | Villager (Male) |
| 17:02 | Create | Villager (Male) |
| 17:02 | Create | Villager (Male) |
| 17:19 | Create | Villager (Male) |
| 18:49 | Research | Castle Age |
| 19:47 | Build | Barracks |
| 21:29 | Age | Castle Age |
| 21:38 | Build | Castle |
| 21:56 | Build | Farm |
| 21:56 | Build | Farm |
| 21:56 | Build | Farm |
| 21:57 | Build | Farm |
| 22:02 | Build | Farm |
| 22:06 | Build | Farm |
| 22:08 | Research | Heavy Plow |
| 22:12 | Research | Gold Shaft Mining |
| 22:56 | Research | Wheelbarrow |
| 22:56 | Create | Villager (Male) |
| 22:57 | Create | Villager (Male) |
| 22:57 | Create | Villager (Male) |
| 22:58 | Create | Villager (Male) |
| 23:02 | Build | Town Center |
| 23:22 | Build | Town Center |
| 24:30 | Create | Trade Cart |
| 25:05 | Create | Villager (Male) |
| 25:05 | Create | Villager (Male) |
| 25:05 | Create | Villager (Male) |
| 25:06 | Create | Villager (Male) |
| 25:06 | Create | Villager (Male) |
| 25:06 | Create | Villager (Male) |
| 25:06 | Create | Villager (Male) |
| 25:07 | Create | Villager (Male) |
| 25:07 | Create | Villager (Male) |
| 25:07 | Create | Villager (Male) |
| 25:07 | Create | Villager (Male) |
| 25:30 | Research | Imperial Age |
| 26:35 | Create | Villager (Male) |
| 26:36 | Create | Villager (Male) |
| 26:36 | Create | Villager (Male) |
| 26:36 | Create | Villager (Male) |
| 26:37 | Create | Villager (Male) |
| 26:37 | Create | Villager (Male) |
| 26:37 | Create | Villager (Male) |
| 26:37 | Create | Villager (Male) |
| 26:51 | Create | Trade Cart |
| 26:51 | Create | Trade Cart |
| 26:51 | Research | Caravan |
| 27:23 | Build | Farm |
| 27:51 | Build | Farm |
| 27:51 | Build | Farm |
| 27:51 | Build | Farm |
| 27:52 | Build | Farm |
| 27:52 | Build | Farm |
| 27:52 | Build | Farm |
| 27:52 | Build | Farm |
| 28:06 | Create | Villager (Male) |
| 28:07 | Create | Villager (Male) |
| 28:07 | Create | Villager (Male) |
| 28:07 | Create | Villager (Male) |
| 28:08 | Create | Villager (Male) |
| 28:08 | Create | Villager (Male) |
| 28:08 | Create | Villager (Male) |
| 28:08 | Create | Villager (Male) |
Build order — teban0721
99 actions detected in the replay
| 0:01 | Create | Villager (Male) |
| 0:03 | Build | House |
| 0:31 | Create | Villager (Male) |
| 0:37 | Create | Villager (Male) |
| 0:46 | Create | Villager (Male) |
| 1:33 | Create | Villager (Male) |
| 1:51 | Create | Villager (Male) |
| 1:58 | Build | House |
| 2:13 | Build | House |
| 2:17 | Build | House |
| 2:27 | Create | Villager (Male) |
| 2:34 | Create | Villager (Male) |
| 3:01 | Create | Villager (Male) |
| 3:05 | Build | Lumber Camp |
| 3:34 | Create | Villager (Male) |
| 4:16 | Create | Villager (Male) |
| 4:34 | Create | Villager (Male) |
| 4:42 | Create | Villager (Male) |
| 4:48 | Build | Mill |
| 5:06 | Create | Villager (Male) |
| 5:23 | Create | Villager (Male) |
| 5:39 | Create | Villager (Male) |
| 5:40 | Create | Villager (Male) |
| 5:45 | Build | Farm |
| 5:51 | Create | Villager (Male) |
| 5:57 | Build | Farm |
| 5:59 | Create | Villager (Male) |
| 6:41 | Create | Villager (Male) |
| 7:55 | Create | Villager (Male) |
| 8:29 | Create | Villager (Male) |
| 8:32 | Build | Mining Camp |
| 8:45 | Research | Feudal Age |
| 9:34 | Create | Villager (Male) |
| 10:25 | Build | House |
| 10:48 | Create | Villager (Male) |
| 11:04 | Age | Feudal Age |
| 11:06 | Build | Market |
| 11:08 | Build | Blacksmith |
| 11:34 | Build | Mining Camp |
| 11:52 | Create | Villager (Male) |
| 11:54 | Research | Castle Age |
| 12:17 | Build | Mining Camp |
| 12:26 | Create | Villager (Male) |
| 12:58 | Research | Double-Bit Axe |
| 13:23 | Research | Horse Collar |
| 13:46 | Create | Villager (Male) |
| 14:36 | Age | Castle Age |
| 14:43 | Build | Castle |
| 14:50 | Create | Villager (Male) |
| 15:03 | Build | Lumber Camp |
| 15:08 | Create | Villager (Male) |
| 15:16 | Create | Villager (Male) |
| 15:38 | Build | Lumber Camp |
| 15:48 | Create | Villager (Male) |
| 15:52 | Build | Farm |
| 16:10 | Create | Woad Raider |
| 16:11 | Create | Woad Raider |
| 16:14 | Research | Scale Mail Armor |
| 16:15 | Create | Villager (Male) |
| 16:18 | Build | Farm |
| 16:21 | Build | Farm |
| 16:25 | Build | Farm |
| 16:28 | Build | Farm |
| 16:32 | Build | Farm |
| 16:38 | Build | Farm |
| 16:40 | Create | Woad Raider |
| 16:44 | Build | Farm |
| 16:52 | Build | Farm |
| 16:58 | Build | Farm |
| 17:04 | Build | Farm |
| 17:13 | Create | Villager (Male) |
| 17:15 | Build | Farm |
| 17:20 | Build | Farm |
| 17:31 | Build | Farm |
| 17:34 | Create | Villager (Male) |
| 17:49 | Create | Woad Raider |
| 17:54 | Build | Farm |
| 17:55 | Build | Mill |
| 18:05 | Build | Farm |
| 18:06 | Create | Villager (Male) |
| 18:09 | Build | Farm |
| 18:17 | Create | Petard |
| 18:19 | Create | Villager (Male) |
| 18:23 | Build | Farm |
| 18:31 | Build | Farm |
| 18:35 | Create | Petard |
| 18:42 | Build | House |
| 18:48 | Build | Farm |
| 18:51 | Create | Villager (Male) |
| 18:57 | Create | Woad Raider |
| 19:06 | Build | Lumber Camp |
| 19:17 | Create | Woad Raider |
| 19:18 | Create | Villager (Male) |
| 19:28 | Create | Villager (Male) |
| 19:32 | Build | Farm |
| 19:39 | Create | Villager (Male) |
| 20:01 | Create | Villager (Male) |
| 20:02 | Create | Woad Raider |
| 20:03 | Create | Woad Raider |
Build order — zeitbinder
First 150 of 515 actions detected
| 0:08 | Create | Villager (Male) |
| 0:08 | Create | Villager (Male) |
| 0:08 | Create | Villager (Male) |
| 0:09 | Create | Villager (Male) |
| 0:09 | Create | Villager (Male) |
| 0:15 | Build | House |
| 0:19 | Build | House |
| 0:20 | Build | House |
| 0:21 | Build | House |
| 1:44 | Create | Villager (Male) |
| 1:44 | Create | Villager (Male) |
| 1:44 | Create | Villager (Male) |
| 2:09 | Create | Villager (Male) |
| 2:09 | Create | Villager (Male) |
| 2:09 | Create | Villager (Male) |
| 2:54 | Create | Villager (Male) |
| 2:54 | Create | Villager (Male) |
| 2:54 | Create | Villager (Male) |
| 3:07 | Build | Mill |
| 3:16 | Create | Villager (Male) |
| 3:35 | Create | Villager (Male) |
| 3:35 | Create | Villager (Male) |
| 3:35 | Create | Villager (Male) |
| 3:49 | Create | Villager (Male) |
| 4:01 | Create | Villager (Male) |
| 4:02 | Create | Villager (Male) |
| 4:02 | Create | Villager (Male) |
| 4:23 | Create | Villager (Male) |
| 4:24 | Create | Villager (Male) |
| 4:24 | Create | Villager (Male) |
| 4:51 | Create | Villager (Male) |
| 5:05 | Create | Villager (Male) |
| 5:16 | Create | Villager (Male) |
| 5:16 | Create | Villager (Male) |
| 5:16 | Create | Villager (Male) |
| 5:40 | Create | Villager (Male) |
| 5:40 | Create | Villager (Male) |
| 5:40 | Create | Villager (Male) |
| 5:40 | Create | Villager (Male) |
| 5:59 | Create | Villager (Male) |
| 5:59 | Create | Villager (Male) |
| 5:59 | Create | Villager (Male) |
| 6:17 | Create | Villager (Male) |
| 6:18 | Create | Villager (Male) |
| 6:33 | Create | Villager (Male) |
| 6:33 | Create | Villager (Male) |
| 6:33 | Create | Villager (Male) |
| 6:45 | Build | Mining Camp |
| 7:11 | Create | Villager (Male) |
| 7:11 | Create | Villager (Male) |
| 7:11 | Create | Villager (Male) |
| 7:12 | Create | Villager (Male) |
| 7:12 | Create | Villager (Male) |
| 7:43 | Build | Lumber Camp |
| 7:52 | Create | Villager (Male) |
| 7:52 | Create | Villager (Male) |
| 7:52 | Create | Villager (Male) |
| 8:19 | Create | Villager (Male) |
| 8:19 | Create | Villager (Male) |
| 8:54 | Create | Villager (Male) |
| 8:55 | Create | Villager (Male) |
| 8:55 | Create | Villager (Male) |
| 9:05 | Build | House |
| 9:43 | Create | Villager (Male) |
| 9:44 | Create | Villager (Male) |
| 10:17 | Build | House |
| 10:18 | Build | House |
| 10:20 | Build | House |
| 10:21 | Build | House |
| 10:23 | Build | House |
| 10:24 | Build | House |
| 10:26 | Build | House |
| 10:51 | Build | Farm |
| 10:52 | Build | Farm |
| 10:53 | Build | Farm |
| 10:55 | Build | Farm |
| 11:10 | Build | Farm |
| 11:26 | Build | Farm |
| 11:29 | Create | Villager (Male) |
| 11:30 | Create | Villager (Male) |
| 11:54 | Build | Farm |
| 12:04 | Build | Farm |
| 12:33 | Build | Farm |
| 12:35 | Build | Farm |
| 12:41 | Build | Farm |
| 13:16 | Build | Farm |
| 13:18 | Build | Farm |
| 13:22 | Build | Farm |
| 13:49 | Build | Farm |
| 13:50 | Build | Farm |
| 14:01 | Build | House |
| 14:02 | Build | House |
| 14:03 | Build | House |
| 14:04 | Build | House |
| 14:05 | Build | House |
| 14:11 | Research | Loom |
| 14:16 | Create | Villager (Male) |
| 14:17 | Research | Feudal Age |
| 15:00 | Build | House |
| 15:01 | Build | House |
| 15:04 | Build | House |
| 15:05 | Build | House |
| 15:07 | Build | House |
| 15:10 | Build | House |
| 15:21 | Build | House |
| 15:22 | Build | House |
| 15:23 | Build | House |
| 15:27 | Build | House |
| 15:28 | Build | House |
| 15:29 | Build | House |
| 15:30 | Build | House |
| 15:32 | Build | House |
| 15:33 | Build | House |
| 15:35 | Build | House |
| 15:37 | Build | House |
| 16:51 | Age | Feudal Age |
| 16:52 | Research | Castle Age |
| 16:52 | Research | Castle Age |
| 16:58 | Research | Horse Collar |
| 17:01 | Research | Double-Bit Axe |
| 17:09 | Research | Gold Mining |
| 17:18 | Build | Stable |
| 17:19 | Build | Stable |
| 17:35 | Build | Blacksmith |
| 17:50 | Build | Stone Wall |
| 17:56 | Create | Villager (Male) |
| 17:56 | Create | Villager (Male) |
| 17:56 | Create | Villager (Male) |
| 17:57 | Create | Villager (Male) |
| 17:57 | Create | Villager (Male) |
| 18:02 | Create | Villager (Male) |
| 18:02 | Create | Villager (Male) |
| 18:19 | Build | Market |
| 19:01 | Build | Market |
| 19:08 | Build | Blacksmith |
| 19:17 | Research | Stone Mining |
| 19:32 | Age | Castle Age |
| 19:55 | Create | Battle Elephant |
| 19:55 | Create | Battle Elephant |
| 19:55 | Create | Battle Elephant |
| 19:55 | Create | Battle Elephant |
| 20:07 | Build | Stone Wall |
| 20:13 | Build | Building 487 |
| 20:25 | Create | Battle Elephant |
| 20:25 | Create | Battle Elephant |
| 20:25 | Create | Battle Elephant |
| 20:50 | Create | Villager (Male) |
| 21:03 | Create | Battle Elephant |
| 21:17 | Create | Villager (Male) |
| 21:17 | Create | Villager (Male) |
Build order — cagdas-kazan
First 150 of 304 actions detected
| 0:04 | Create | Villager (Male) ×4 |
| 0:04 | Create | Villager (Male) ×4 |
| 0:04 | Create | Villager (Male) ×4 |
| 0:19 | Build | House |
| 0:20 | Build | House |
| 0:22 | Build | House |
| 0:24 | Build | House |
| 1:41 | Create | Villager (Male) |
| 1:42 | Create | Villager (Male) |
| 2:20 | Create | Villager (Male) |
| 2:20 | Create | Villager (Male) |
| 2:31 | Build | Mill |
| 2:44 | Create | Villager (Male) |
| 2:44 | Create | Villager (Male) |
| 3:09 | Create | Villager (Male) |
| 3:39 | Create | Villager (Male) |
| 3:39 | Create | Villager (Male) |
| 3:50 | Create | Villager (Male) |
| 3:51 | Create | Villager (Male) |
| 4:11 | Create | Villager (Male) |
| 4:12 | Create | Villager (Male) |
| 4:39 | Create | Villager (Male) |
| 4:39 | Create | Villager (Male) |
| 4:39 | Create | Villager (Male) |
| 5:14 | Create | Villager (Male) ×2 |
| 5:15 | Create | Villager (Male) ×2 |
| 5:48 | Create | Villager (Male) ×2 |
| 5:48 | Create | Villager (Male) ×2 |
| 6:22 | Build | Lumber Camp |
| 7:25 | Create | Villager (Male) ×5 |
| 8:17 | Research | Loom |
| 9:28 | Research | Feudal Age |
| 9:46 | Build | House |
| 9:48 | Build | House |
| 9:49 | Build | House |
| 9:50 | Build | House |
| 11:15 | Build | Farm |
| 11:17 | Build | Farm |
| 11:18 | Build | Farm |
| 11:19 | Build | Farm |
| 11:21 | Build | Farm |
| 11:22 | Build | Farm |
| 11:34 | Create | Villager (Male) ×5 |
| 11:45 | Build | Mining Camp |
| 12:08 | Age | Feudal Age |
| 12:10 | Research | Double-Bit Axe |
| 12:39 | Build | Mining Camp |
| 12:43 | Create | Villager (Male) ×5 |
| 12:45 | Create | Villager (Male) ×2 |
| 14:04 | Build | Market |
| 14:11 | Build | Blacksmith |
| 14:50 | Build | Farm |
| 14:52 | Build | Farm |
| 14:54 | Build | Farm |
| 14:56 | Build | Farm |
| 14:57 | Build | Farm |
| 15:41 | Create | Villager (Male) |
| 15:42 | Create | Villager (Male) |
| 16:16 | Build | Barracks |
| 16:24 | Build | Farm |
| 16:26 | Build | Farm |
| 16:57 | Research | Castle Age |
| 17:39 | Research | Horse Collar |
| 17:43 | Research | Stone Mining |
| 17:51 | Build | House |
| 17:53 | Build | House |
| 17:54 | Build | House |
| 17:55 | Build | House |
| 18:10 | Build | Farm |
| 18:14 | Research | Gold Mining |
| 19:33 | Build | Stable |
| 20:11 | Create | Villager (Male) ×5 |
| 20:39 | Age | Castle Age |
| 20:40 | Research | Bow Saw |
| 20:47 | Build | Town Center |
| 21:04 | Build | Castle |
| 21:42 | Build | Mining Camp |
| 21:55 | Create | Villager (Male) ×5 |
| 22:12 | Create | Villager (Male) ×5 |
| 23:07 | Create | Villager (Male) ×4 |
| 23:46 | Build | Mining Camp |
| 24:05 | Build | Archery Range |
| 24:05 | Build | Archery Range |
| 24:07 | Build | Archery Range |
| 24:27 | Build | Stable |
| 24:28 | Build | Stable |
| 24:43 | Create | Villager (Male) ×5 |
| 24:46 | Create | Villager (Male) ×3 |
| 25:15 | Create | Trade Cart ×5 |
| 25:32 | Create | Mameluke |
| 25:32 | Create | Mameluke |
| 25:33 | Create | Mameluke |
| 25:59 | Build | Stable |
| 26:40 | Create | Villager (Male) |
| 26:41 | Create | Villager (Male) |
| 26:55 | Create | Villager (Male) ×5 |
| 27:09 | Build | Stable |
| 27:11 | Build | Stable |
| 27:35 | Create | Villager (Male) ×3 |
| 28:16 | Create | Villager (Male) ×3 |
| 28:34 | Build | Farm |
| 28:35 | Build | Farm |
| 28:36 | Build | Farm |
| 28:37 | Build | Farm |
| 28:42 | Build | Farm |
| 28:44 | Build | Farm |
| 28:45 | Build | Farm |
| 28:47 | Build | Farm |
| 28:49 | Build | Farm |
| 28:50 | Build | Farm |
| 28:58 | Build | Farm |
| 29:00 | Build | Farm |
| 29:01 | Build | Farm |
| 29:02 | Build | Farm |
| 29:04 | Build | Farm |
| 29:06 | Build | Farm |
| 29:07 | Build | Farm |
| 29:08 | Build | Farm |
| 29:09 | Build | Farm |
| 29:10 | Build | Farm |
| 29:11 | Build | Farm |
| 29:23 | Build | Castle |
| 29:33 | Create | Villager (Male) ×5 |
| 29:36 | Create | Villager (Male) |
| 29:41 | Create | Villager (Male) |
| 30:01 | Create | Villager (Male) |
| 30:01 | Create | Villager (Male) |
| 30:06 | Create | Trade Cart ×5 |
| 30:24 | Create | Villager (Male) ×3 |
| 30:46 | Research | Heavy Plow |
| 31:09 | Build | House |
| 31:09 | Build | House |
| 31:10 | Build | House |
| 31:11 | Build | House |
| 31:13 | Build | House |
| 31:36 | Create | Villager (Male) |
| 31:36 | Create | Villager (Male) |
| 31:58 | Build | Stable |
| 32:04 | Build | Stable |
| 32:06 | Build | Stable |
| 32:08 | Build | Stable |
| 32:09 | Build | Stable |
| 32:15 | Research | Light Cavalry (upgrade) |
| 32:19 | Research | Bloodlines |
| 32:45 | Research | Wheelbarrow |
| 33:07 | Create | Villager (Male) |
| 33:07 | Create | Villager (Male) |
| 33:27 | Build | Mining Camp |
| 33:34 | Build | Farm |
| 33:51 | Build | Farm |
Build order — al
First 150 of 480 actions detected
| 0:04 | Build | House |
| 0:06 | Build | House |
| 0:09 | Create | Villager (Male) |
| 0:10 | Create | Villager (Male) |
| 0:10 | Create | Villager (Male) |
| 0:10 | Create | Villager (Male) |
| 0:11 | Research | Loom |
| 2:37 | Create | Villager (Male) |
| 2:37 | Create | Villager (Male) |
| 2:38 | Create | Villager (Male) |
| 2:38 | Create | Villager (Male) |
| 2:38 | Create | Villager (Male) |
| 3:22 | Create | Villager (Male) |
| 3:22 | Create | Villager (Male) |
| 3:22 | Create | Villager (Male) |
| 3:28 | Build | House |
| 3:29 | Build | House |
| 3:42 | Build | Lumber Camp |
| 4:15 | Create | Villager (Male) |
| 4:15 | Create | Villager (Male) |
| 4:16 | Create | Villager (Male) |
| 4:16 | Create | Villager (Male) |
| 4:38 | Create | Villager (Male) |
| 4:39 | Create | Villager (Male) |
| 4:39 | Create | Villager (Male) |
| 5:19 | Create | Villager (Male) |
| 5:20 | Create | Villager (Male) |
| 5:20 | Create | Villager (Male) |
| 5:52 | Create | Villager (Male) |
| 5:52 | Create | Villager (Male) |
| 5:52 | Create | Villager (Male) |
| 6:00 | Build | Mill |
| 7:35 | Research | Feudal Age |
| 7:42 | Create | Villager (Male) |
| 8:33 | Build | Mining Camp |
| 10:12 | Age | Feudal Age |
| 10:21 | Research | Double-Bit Axe |
| 10:24 | Research | Horse Collar |
| 10:29 | Research | Wheelbarrow |
| 10:30 | Create | Villager (Male) |
| 11:15 | Build | Farm |
| 11:16 | Build | Farm |
| 11:16 | Build | Farm |
| 11:26 | Create | Villager (Male) |
| 11:37 | Build | House |
| 12:53 | Build | Blacksmith |
| 13:24 | Create | Villager (Male) |
| 13:24 | Create | Villager (Male) |
| 13:53 | Build | House |
| 14:05 | Build | Market |
| 14:24 | Build | Farm |
| 14:24 | Build | Farm |
| 14:24 | Build | Farm |
| 14:33 | Create | Villager (Male) |
| 14:33 | Create | Villager (Male) |
| 15:20 | Research | Castle Age |
| 15:37 | Build | Mining Camp |
| 16:25 | Research | Stone Mining |
| 16:32 | Research | Gold Mining |
| 16:41 | Create | Villager (Male) |
| 16:41 | Create | Villager (Male) |
| 17:36 | Build | Farm |
| 17:38 | Build | Farm |
| 17:38 | Build | Farm |
| 18:02 | Build | Lumber Camp |
| 18:02 | Age | Castle Age |
| 18:11 | Research | Heavy Plow |
| 18:16 | Research | Bow Saw |
| 18:39 | Create | Villager (Male) |
| 18:39 | Create | Villager (Male) |
| 19:37 | Build | Town Center |
| 20:05 | Build | Town Center |
| 20:59 | Research | Hand Cart |
| 21:03 | Create | Villager (Male) |
| 21:04 | Create | Villager (Male) |
| 21:04 | Create | Villager (Male) |
| 21:33 | Create | Villager (Male) |
| 21:34 | Create | Villager (Male) |
| 21:40 | Build | Farm |
| 21:40 | Build | Farm |
| 21:41 | Build | Farm |
| 21:41 | Build | Farm |
| 21:53 | Create | Villager (Male) |
| 21:53 | Create | Villager (Male) |
| 21:59 | Build | Farm |
| 22:00 | Build | Farm |
| 22:24 | Build | Farm |
| 22:32 | Create | Villager (Male) |
| 22:32 | Create | Villager (Male) |
| 22:32 | Create | Villager (Male) |
| 22:33 | Create | Villager (Male) |
| 23:19 | Build | Town Center |
| 23:25 | Create | Villager (Male) |
| 23:25 | Create | Villager (Male) |
| 23:25 | Create | Villager (Male) |
| 23:25 | Create | Villager (Male) |
| 23:26 | Create | Villager (Male) |
| 23:26 | Create | Villager (Male) |
| 23:32 | Create | Villager (Male) |
| 23:41 | Create | Villager (Male) |
| 23:54 | Build | Farm |
| 23:54 | Build | Farm |
| 23:55 | Build | Farm |
| 24:04 | Build | Farm |
| 24:04 | Build | Farm |
| 24:11 | Build | Farm |
| 24:25 | Build | House |
| 24:27 | Build | House |
| 24:30 | Build | House |
| 24:45 | Create | Villager (Male) |
| 24:45 | Create | Villager (Male) |
| 24:45 | Create | Villager (Male) |
| 24:48 | Create | Villager (Male) |
| 24:48 | Create | Villager (Male) |
| 24:48 | Create | Villager (Male) |
| 24:58 | Build | Farm |
| 24:59 | Build | Farm |
| 24:59 | Build | Farm |
| 24:59 | Build | Farm |
| 25:00 | Build | Farm |
| 25:06 | Create | Villager (Male) |
| 25:07 | Create | Villager (Male) |
| 25:12 | Create | Villager (Male) |
| 25:28 | Build | House |
| 25:30 | Build | House |
| 25:31 | Build | House |
| 26:06 | Build | Castle |
| 26:20 | Create | Villager (Male) |
| 26:20 | Create | Villager (Male) |
| 26:21 | Create | Villager (Male) |
| 26:21 | Create | Villager (Male) |
| 26:21 | Create | Villager (Male) |
| 26:21 | Create | Villager (Male) |
| 26:22 | Create | Villager (Male) |
| 26:22 | Create | Villager (Male) |
| 26:22 | Create | Villager (Male) |
| 26:23 | Create | Villager (Male) |
| 26:23 | Create | Villager (Male) |
| 26:23 | Create | Villager (Male) |
| 26:31 | Build | Farm |
| 26:31 | Build | Farm |
| 26:31 | Build | Farm |
| 26:31 | Build | Farm |
| 26:32 | Build | Farm |
| 26:48 | Create | Villager (Male) |
| 26:49 | Create | Villager (Male) |
| 26:51 | Create | Villager (Male) |
| 26:51 | Create | Villager (Male) |
| 26:54 | Create | Villager (Male) |
| 26:54 | Create | Villager (Male) |
Build order — 小兔知知
First 150 of 300 actions detected
| 0:05 | Build | House |
| 0:06 | Build | House |
| 0:08 | Create | Villager (Male) |
| 0:08 | Create | Villager (Male) |
| 0:09 | Create | Villager (Male) |
| 0:09 | Create | Villager (Male) |
| 2:44 | Create | Villager (Male) |
| 2:45 | Create | Villager (Male) |
| 3:19 | Build | Lumber Camp |
| 3:39 | Create | Villager (Male) |
| 3:39 | Create | Villager (Male) |
| 3:57 | Create | Villager (Male) |
| 3:57 | Create | Villager (Male) |
| 3:58 | Create | Villager (Male) |
| 3:58 | Create | Villager (Male) |
| 5:11 | Build | House |
| 5:12 | Build | House |
| 5:13 | Build | House |
| 5:43 | Create | Villager (Male) |
| 5:44 | Create | Villager (Male) |
| 5:44 | Create | Villager (Male) |
| 7:07 | Create | Villager (Male) |
| 7:07 | Create | Villager (Male) |
| 7:07 | Create | Villager (Male) |
| 7:34 | Build | Mill |
| 7:50 | Create | Villager (Male) |
| 8:49 | Research | Feudal Age |
| 8:50 | Create | Villager (Male) |
| 8:50 | Create | Villager (Male) |
| 10:05 | Create | Villager (Male) |
| 10:06 | Create | Villager (Male) |
| 10:59 | Age | Feudal Age |
| 11:20 | Build | Farm |
| 11:24 | Build | Farm |
| 11:27 | Research | Horse Collar |
| 11:32 | Build | Farm |
| 11:34 | Research | Double-Bit Axe |
| 11:36 | Create | Villager (Male) |
| 11:37 | Create | Villager (Male) |
| 11:54 | Build | Farm |
| 12:11 | Build | Mining Camp |
| 12:25 | Build | House |
| 12:26 | Build | House |
| 12:28 | Build | House |
| 12:30 | Build | House |
| 12:32 | Build | House |
| 12:33 | Build | House |
| 12:34 | Build | House |
| 12:35 | Build | House |
| 12:57 | Build | Farm |
| 12:58 | Build | Farm |
| 13:00 | Build | Farm |
| 13:10 | Build | Palisade Wall |
| 13:21 | Build | Palisade Wall |
| 13:34 | Build | Palisade Wall |
| 13:38 | Build | Farm |
| 13:42 | Create | Villager (Male) |
| 13:42 | Create | Villager (Male) |
| 13:43 | Create | Villager (Male) |
| 13:43 | Create | Villager (Male) |
| 13:44 | Create | Villager (Male) |
| 14:33 | Build | Farm |
| 14:42 | Build | Farm |
| 14:46 | Create | Villager (Male) |
| 14:47 | Create | Villager (Male) |
| 14:58 | Build | Farm |
| 15:09 | Build | Farm |
| 15:16 | Build | Farm |
| 15:21 | Build | Farm |
| 15:38 | Create | Villager (Male) |
| 15:38 | Create | Villager (Male) |
| 15:38 | Create | Villager (Male) |
| 15:39 | Create | Villager (Male) |
| 15:45 | Build | Farm |
| 15:50 | Build | Farm |
| 16:07 | Build | Farm |
| 16:23 | Create | Villager (Male) |
| 16:23 | Create | Villager (Male) |
| 16:23 | Create | Villager (Male) |
| 16:24 | Create | Villager (Male) |
| 16:51 | Create | Villager (Male) |
| 17:19 | Build | Market |
| 17:35 | Create | Villager (Male) |
| 18:06 | Build | Mining Camp |
| 18:08 | Research | Loom |
| 18:25 | Build | Lumber Camp |
| 18:32 | Build | Blacksmith |
| 18:40 | Create | Villager (Male) |
| 18:47 | Build | House |
| 18:48 | Build | House |
| 18:49 | Build | House |
| 18:50 | Build | House |
| 18:58 | Create | Villager (Male) |
| 19:10 | Research | Castle Age |
| 19:36 | Build | Mill |
| 19:41 | Build | Farm |
| 19:49 | Build | Farm |
| 20:01 | Build | Mill |
| 20:10 | Build | Farm |
| 20:17 | Create | Villager (Male) |
| 20:17 | Create | Villager (Male) |
| 20:18 | Create | Villager (Male) |
| 20:18 | Create | Villager (Male) |
| 20:21 | Create | Villager (Male) |
| 20:22 | Create | Villager (Male) |
| 20:25 | Create | Villager (Male) |
| 20:26 | Create | Villager (Male) |
| 20:27 | Create | Villager (Male) |
| 20:27 | Create | Villager (Male) |
| 20:53 | Build | Barracks |
| 21:06 | Build | Farm |
| 21:16 | Create | Trade Cart |
| 21:37 | Research | Loom |
| 21:55 | Create | Villager (Male) |
| 21:55 | Create | Villager (Male) |
| 22:03 | Build | Stable |
| 22:09 | Create | Trade Cart |
| 22:13 | Age | Castle Age |
| 22:26 | Build | Town Center |
| 23:21 | Research | Husbandry |
| 23:25 | Research | Scale Barding Armor |
| 23:28 | Research | Heavy Plow |
| 23:58 | Build | Monastery |
| 24:09 | Build | Mining Camp |
| 24:16 | Build | Farm |
| 24:21 | Create | Villager (Male) ×5 |
| 24:24 | Research | Wheelbarrow |
| 24:31 | Create | Villager (Male) |
| 24:38 | Research | Bow Saw |
| 24:50 | Build | Farm |
| 24:53 | Create | Monk |
| 24:53 | Create | Monk |
| 25:10 | Build | Farm |
| 25:28 | Create | Villager (Male) ×5 |
| 25:36 | Build | Farm |
| 26:35 | Build | University |
| 26:51 | Create | Villager (Male) |
| 26:52 | Create | Villager (Male) |
| 26:53 | Research | Hand Cart |
| 27:16 | Build | Castle |
| 27:28 | Build | Farm |
| 27:40 | Build | Town Center |
| 27:58 | Build | Farm |
| 28:15 | Build | Farm |
| 28:24 | Create | Villager (Male) |
| 28:24 | Create | Villager (Male) |
| 28:24 | Create | Villager (Male) |
| 28:50 | Build | House |
| 28:51 | Build | House |
| 28:52 | Build | House |
Match timeline
| 10:12 | al · age_up feudal |
| 10:27 | na.mehdi1995 · age_up feudal |
| 10:59 | 小兔知知 · age_up feudal |
| 11:04 | teban0721 · age_up feudal |
| 11:08 | Sphere Of Light · first_building Barracks |
| 12:08 | cagdas-kazan · age_up feudal |
| 12:25 | Sphere Of Light · age_up feudal |
| 12:29 | Sphere Of Light · first_building Archery Range |
| 13:10 | 小兔知知 · wall_segment Palisade Wall x1 |
| 13:11 | Kremlin · age_up feudal |
| 13:21 | 小兔知知 · wall_segment Palisade Wall x1 |
| 13:34 | 小兔知知 · wall_segment Palisade Wall x1 |
| 14:36 | teban0721 · age_up castle |
| 14:43 | teban0721 · first_building Castle |
| 16:16 | cagdas-kazan · first_building Barracks |
| 16:39 | Sphere Of Light · age_up castle |
| 16:51 | zeitbinder · age_up feudal |
| 17:18 | zeitbinder · first_building Stable |
| 17:50 | zeitbinder · wall_segment Stone Wall x5 |
| 18:02 | al · age_up castle |
| 19:23 | na.mehdi1995 · age_up castle |
| 19:32 | zeitbinder · age_up castle |
| 19:33 | cagdas-kazan · first_building Stable |
| 19:47 | Kremlin · first_building Barracks |
| 20:07 | zeitbinder · wall_segment Stone Wall x7 |
| 20:30 | Sphere Of Light · first_building Stable |
| 20:32 | na.mehdi1995 · first_building Castle |
| 20:33 | teban0721 · resign |
| 20:39 | cagdas-kazan · age_up castle |
| 20:53 | 小兔知知 · first_building Barracks |
| 21:04 | cagdas-kazan · first_building Castle |
| 21:29 | Kremlin · age_up castle |
| 21:38 | Kremlin · first_building Castle |
| 22:03 | 小兔知知 · first_building Stable |
| 22:13 | 小兔知知 · age_up castle |
| 23:12 | Kremlin · first_market_buy 100 wood |
| 23:24 | zeitbinder · wall_segment Stone Wall x6 |
| 23:27 | zeitbinder · wall_segment Stone Wall x6 |
| 23:29 | Sphere Of Light · first_building Monastery |
| 23:58 | 小兔知知 · first_building Monastery |
| 24:05 | cagdas-kazan · first_building Archery Range |
| 24:27 | Sphere Of Light · first_market_sell 100 food |
| 25:43 | Sphere Of Light · first_building Castle |
| 26:06 | al · first_building Castle |
| 27:16 | 小兔知知 · first_building Castle |
| 28:44 | Kremlin · age_up imperial |
| 29:49 | zeitbinder · wall_segment Stone Wall x1 |
| 30:00 | zeitbinder · wall_segment Stone Wall x5 |
| 30:57 | zeitbinder · first_building Castle |
| 31:22 | 小兔知知 · first_building Siege Workshop |
| 31:43 | al · first_building Barracks |
| 33:02 | 小兔知知 · age_up imperial |
| 33:06 | zeitbinder · first_market_sell 100 food |
| 33:15 | na.mehdi1995 · age_up imperial |
| 33:16 | al · first_building Archery Range |
| 33:53 | Kremlin · first_building Siege Workshop |
| 33:59 | Kremlin · first_building Stable |
| 34:21 | al · age_up imperial |
| 34:33 | zeitbinder · first_building Siege Workshop |
| 35:33 | Kremlin · first_building Archery Range |
| 35:44 | Sphere Of Light · first_building Siege Workshop |
| 35:52 | 小兔知知 · wall_segment Stone Wall x34 |
| 36:20 | zeitbinder · age_up imperial |
| 37:33 | cagdas-kazan · age_up imperial |
| 37:37 | 小兔知知 · wall_segment Stone Wall x19 |
| 38:14 | Sphere Of Light · age_up imperial |
| 38:30 | Sphere Of Light · wall_segment Stone Wall x14 |
| 38:40 | Sphere Of Light · wall_segment Stone Wall x14 |
| 38:43 | Sphere Of Light · wall_segment Stone Wall x9 |
| 38:55 | Sphere Of Light · wall_segment Stone Wall x10 |
| 44:22 | 小兔知知 · wall_segment Stone Wall x6 |
| 46:34 | cagdas-kazan · first_market_sell 500 stone |
| 46:50 | 小兔知知 · wall_segment Stone Wall x4 |
| 46:59 | Kremlin · wall_segment Stone Wall x4 |
| 48:43 | cagdas-kazan · first_building Siege Workshop |
| 53:46 | Sphere Of Light · tribute_sent a jugador 2 |
| 53:46 | Sphere Of Light · tribute_sent a jugador 3 |
| 53:46 | Sphere Of Light · tribute_sent a jugador 4 |
| 53:46 | Sphere Of Light · tribute_sent a jugador 5 |
| 53:46 | Sphere Of Light · tribute_sent a jugador 6 |
| 53:46 | Sphere Of Light · tribute_sent a jugador 7 |
| 53:46 | Sphere Of Light · tribute_sent a jugador 8 |
| 54:06 | cagdas-kazan · first_market_buy 100 wood |
| 57:19 | zeitbinder · wall_segment Stone Wall x6 |
| 58:03 | zeitbinder · wall_segment Stone Wall x7 |
| 58:05 | zeitbinder · wall_segment Stone Wall x13 |
| 58:09 | zeitbinder · wall_segment Stone Wall x20 |
[ AI ANALYSIS · 1 CREDIT ]
What really happened in this match?
Wolo.gg analyzes every decision: build order, eco, micro, common mistakes by bracket. Personalized analysis on WhatsApp or Discord in 30 seconds.
Civ guide
Britons
Map guide
Arena
Perfil
Jugador #19469444